Map: Simulacro EE

Players

Erik - Winner!

  • Race: Zerg Zerg
  • League: Grandmaster
  • Spawn Location: 5:00

Special

  • Race: Terran Terran
  • League: Master
  • Spawn Location: 11:00

VOD

Have the link to the VOD?

Description

Time

  • Played on: Jan. 13, 2020, 3:17 p.m.
  • Length: 10:24
Show
View Real Time Build Order
Export as new Build Order

Erik Zerg - Winner!

Build Orders: Pool First, Muta Ling Bane 

Get SALT Encoding   

  12  0:01  Drone  
  13  0:12  Overlord  
  13  0:17  Drone  
  14  0:30  Drone x2  
  16  0:40  Spawning Pool  
  15  0:44  Drone  
  15  0:48  Drone  
  17  1:08  Hatchery  
  17  1:11  Drone  
  17  1:25  Extractor  
  16  1:27  Zergling x4  
  16  1:29  Queen  
  20  1:34  Overlord  
  20  1:39  Drone  
  21  1:49  Drone  
  22  2:00  Drone  
  23  2:07  Queen  
  25  2:11  Drone  
  26  2:22  Drone x2  
  28  2:34  Drone x2  
  28  2:36  Metabolic Boost  
  30  2:39  Drone x3  
  33  2:48  Hatchery  
  32  2:54  Overlord  
  32  2:59  Queen  
  32  3:03  Drone  
  35  3:06  Drone  
  36  3:15  Drone x4  
  40  3:20  Overlord  
  40  3:21  Drone  
  40  3:22  Drone  
  40  3:24  Drone  
  40  3:25  Drone  
  44  3:34  Overlord  
  44  3:36  Overlord  
  44  3:39  Queen  
  46  3:44  Spore Crawler, Drone  
  46  3:47  Drone  
  47  3:49  Zergling x2  
  47  3:50  Zergling x4  
  47  3:55  Drone  
  51  3:58  Drone  
  51  3:59  Lair  
  51  4:01  Drone  
  53  4:05  Extractor  
  53  4:06  Queen  
  53  4:07  Extractor, Drone  
  54  4:11  Drone x2  
  54  4:14  Drone x2  
  58  4:17  Drone  
  59  4:24  Queen  
  59  4:28  Overlord  
  59  4:29  Drone x3  
  59  4:31  Drone  
  65  4:38  Drone x3  
  68  4:39  Extractor  
  67  4:47  Zergling x6  
  70  4:53  Drone x4  
  74  5:00  Baneling Nest  
  74  5:01  Spire, Overlord  
  71  5:10  Drone x6  
  71  5:12  Extractor  
  71  5:13  Drone  
  77  5:14  Extractor, Drone  
  77  5:15  Drone  
  78  5:23  Overlord  
  78  5:26  Drone x3  
  81  5:30  Overlord  
  81  5:31  Overlord  
  81  5:36  Drone  
  81  5:41  Spore Crawler  
  81  5:42  Spore Crawler  
  80  5:46  Zergling x16  
  85  6:06  Overlord  
  85  6:09  Hatchery  
  84  6:11  Baneling  
  84  6:12  Baneling x2  
  84  6:14  Mutalisk  
  84  6:15  Mutalisk x7  
  100  6:21  Mutalisk x2  
  104  6:28  Drone, Zerg Flyer Weapons Level 1  
  104  6:29  Drone x3  
  108  6:37  Evolution Chamber  
  108  6:39  Evolution Chamber  
  106  6:41  Centrifical Hooks  
  106  6:43  Drone x3  
  106  6:44  Drone  
  110  6:47  Overlord  
  110  6:53  Zergling x8  
  114  6:56  Overlord x2  
  114  7:07  Mutalisk x5  
  120  7:10  Baneling  
  120  7:11  Baneling x4  
  120  7:15  Baneling x3  
  120  7:21  Zergling x10  
  120  7:22  Zergling x10  
  129  7:42  Mutalisk x4  
  135  7:48  Hatchery  
  134  7:51  Zerg Ground Armor Level 1  
  134  7:52  Zergling x2  
  134  7:53  Zergling x4  
  134  7:55  Overlord x3  
  134  7:57  Zerg Melee Weapons Level 1  
  137  8:00  Hatchery  
  137  8:03  Baneling  
  137  8:04  Baneling x4  
  136  8:25  Zergling x18  
  136  8:26  Zergling x8  
  134  8:47  Mutalisk x6  
  140  8:54  Zergling x2  
  140  8:55  Zergling x6  
  136  9:11  Zergling x2  
  136  9:12  Zergling x6  
  138  9:19  Zergling x2  
  138  9:20  Zergling x6  
  140  9:26  Zergling x2  
  140  9:27  Zergling x8  
  140  9:29  Drone x3, Infestation Pit  
  147  9:33  Queen  
  147  9:34  Queen  
  151  9:40  Baneling x8  
  151  9:41  Baneling x7  
  151  9:42  Zergling x2  
  151  9:43  Zergling x22  
  163  9:53  Mutalisk  
Show
View Real Time Build Order
Export as new Build Order

Special Terran 

Build Orders: Reaper Expand 

Get SALT Encoding   

  12  0:01  SCV  
  13  0:13  SCV  
  14  0:17  Supply Depot  
  14  0:25  SCV  
  15  0:39  SCV  
  15  0:41  Barracks  
  16  0:44  Refinery  
  16  0:51  SCV  
  17  1:03  SCV  
  18  1:15  SCV  
  19  1:28  Orbital Command  
  19  1:29  Reaper  
  20  1:44  Command Center  
  20  1:54  SCV  
  20  1:56  Supply Depot  
  20  2:01  Marine  
  22  2:08  Factory  
  22  2:10  SCV  
  22  2:14  Refinery  
  23  2:22  SCV  
  24  2:25  Barracks Reactor  
  24  2:34  SCV  
  25  2:46  SCV  
  26  2:53  Starport  
  26  2:57  Orbital Command  
  26  2:58  SCV  
  27  3:14  SCV, Command Center  
  27  3:20  Hellion  
  27  3:25  Hellion  
  31  3:27  SCV  
  31  3:32  SCV  
  33  3:37  Fusion Core  
  33  3:38  Marine  
  34  3:41  Starport Tech Lab  
  34  3:44  SCV  
  34  3:46  SCV  
  36  3:54  Hellion x2  
  40  4:01  SCV x2, Supply Depot  
  42  4:13  SCV x2  
  44  4:24  Supply Depot  
  44  4:26  Battlecruiser  
  44  4:30  Orbital Command  
  50  4:32  SCV x2  
  50  4:36  Barracks Tech Lab  
  52  4:44  SCV x2  
  54  4:48  Barracks  
  54  4:53  Barracks  
  54  4:55  Marine  
  54  4:56  SCV x2, Stimpack  
  54  4:58  Factory Reactor  
  57  5:00  SCV  
  58  5:08  SCV  
  58  5:09  SCV  
  58  5:10  Supply Depot  
  58  5:11  Refinery  
  58  5:12  SCV, Refinery  
  58  5:13  Marine  
  62  5:20  SCV, Engineering Bay  
  63  5:21  SCV  
  63  5:22  Engineering Bay  
  63  5:25  SCV  
  65  5:31  Marine  
  65  5:32  SCV, Supply Depot  
  65  5:33  SCV  
  68  5:36  Marine x2, Supply Depot  
  68  5:37  SCV  
  68  5:38  Starport Reactor  
  71  5:44  SCV  
  71  5:47  Siege Tank  
  75  5:50  SCV  
  76  5:57  Terran Infantry Weapons Level 1, Terran Infantry Armor Level 1  
  76  5:58  Marine x2  
  76  5:59  Marine  
  76  6:00  Marine  
  76  6:01  Barracks  
  76  6:02  Barracks  
  74  6:04  Marine  
  75  6:12  SCV  
  75  6:13  SCV  
  75  6:15  Supply Depot  
  75  6:16  Marine x3, Medivac x2  
  75  6:17  Marine  
  85  6:20  Orbital Command  
  85  6:22  Marine  
  85  6:24  SCV  
  85  6:25  SCV  
  88  6:26  Siege Tank  
  91  6:34  Marine x3  
  91  6:35  Marine  
  95  6:40  Marine  
  96  6:47  SCV  
  96  6:48  SCV  
  96  6:49  Medivac  
  96  6:52  Marine x3  
  96  6:53  Barracks, Barracks Reactor  
  103  6:54  Barracks, Barracks Reactor  
  103  7:00  Marine, Barracks  
  103  7:01  Marine  
  97  7:09  Marine x2  
  97  7:10  Marine, SCV x2  
  97  7:11  SCV  
  99  7:18  Marine x2, Missile Turret x2  
  96  7:22  SCV  
  96  7:27  Marine x2  
  96  7:28  Marine, SCV x2  
  96  7:29  Marine x2  
  98  7:31  Marine x2  
  98  7:36  Marine  
  100  7:42  SCV  
  97  7:44  Barracks Tech Lab  
  97  7:45  SCV x2, Marine x2  
  97  7:46  Marine  
  97  7:47  Marine x2  
  97  7:48  Siege Tank  
  97  7:49  Marine x2  
  97  7:51  Missile Turret  
  109  8:01  Armory  
  109  8:02  Supply Depot  
  109  8:09  Marine x5, SCV  
  109  8:10  Medivac x2  
  115  8:18  Marine x2  
  115  8:19  SCV x2  
  114  8:21  SCV  
  113  8:28  Siege Tank  
  113  8:33  SCV x2  
  117  8:34  Marine  
  117  8:35  Orbital Command  
  117  8:36  Supply Depot x2  
  101  8:42  Marine  
  101  8:43  Marine  
  101  8:44  Marine  
  101  8:47  Marine x2  
  101  8:48  Marine, Medivac  
  98  8:49  Marine, Medivac  
  98  8:53  Marine  
  104  9:00  Marine, Siege Tank  
  104  9:01  Marine  
  104  9:02  Marine  
  111  9:04  Marine, Missile Turret  
  111  9:05  Marine x2  
  111  9:07  Marine  
  108  9:11  Marine, SCV  
  108  9:12  SCV  
  108  9:14  Barracks Tech Lab  
  109  9:18  Marine  
  109  9:19  Marine  
  109  9:20  Marine  
  109  9:22  Marine x2  
  109  9:23  Marine  
  114  9:25  Marine  
  114  9:28  Marine  
  116  9:32  Siege Tank  
  116  9:34  Marine  
  116  9:36  Marine  
  116  9:37  Marine x2  
  124  9:40  Marine x2  
  124  9:42  Marine x2  
  124  9:45  Medivac  
  129  9:46  Marine  
  129  9:50  Barracks  
  129  9:51  Barracks  
  130  9:54  Marine x2, Barracks  
  130  9:58  Marine  
  133  10:03  Marine  
Tags
 
Add a new tag
Caveats
  • Supply blocks, unpowered buildings, or Contaminate may cause inaccurate times.
  • Supply counts are checked every 10 seconds.